 Dungeon Crawl Stone Soup version 0.22-a0-271-gc000056a37 (webtiles) character file.

730 RedPan the Insei (level 7, -6/55 HPs)
             Began as a Demonspawn Monk on Mar 10, 2018.
             Was a Priest of Cheibriados.
             Blown up by Pikel (16 damage)
             ... with a wand of disintegration (10)
             ... on level 4 of the Dungeon.
             The game lasted 00:07:09 (5388 turns).

RedPan the Insei (Demonspawn Monk)                  Turns: 5388, Time: 00:07:09

Health: -6/55      AC: 13    Str: 20    XL:     7   Next: 44%
Magic:  9/9        EV:  8    Int: 17    God:    Cheibriados [***...]
Gold:   140        SH:  0    Dex: 21    Spells: 6/6 levels left

rFire    + . .     SeeInvis .     - Unarmed
rCold    . . .     Gourm    .   (no shield)
rNeg     . . .     Faith    .   o - +0 plate armour
rPois    +         Spirit   .   g - +0 helmet
rElec    .         Reflect  .   (no cloak)
rCorr    .         Harm     .   (no gloves)
MR       .....                  p - +0 pair of boots
Stlth    ..........             (no amulet)
HPRegen  0.18/turn              c - ring of poison resistance
MPRegen  0.11/turn              (no ring)

@: very slow
A: fire resistance 1, nightstalker 2, flame cloud immunity
a: Bend Time, Temporal Distortion, Renounce Religion


You were on level 4 of the Dungeon.
You worshipped Cheibriados.
Cheibriados was most pleased with you.
You were hungry.

You visited 1 branch of the dungeon, and saw 5 of its levels.

You collected 140 gold pieces.

Inventory:

Armour
 a - a +0 robe
 f - the +1 pair of boots "Konlavef" {rC- Dex+5}
   (You found it on level 4 of the Dungeon)

   It affects your dexterity (+5).
   It makes you vulnerable to cold.
 g - a +0 helmet (worn)
 o - a +0 plate armour (worn)
 p - a +0 pair of boots (worn)
Jewellery
 c - a ring of poison resistance (left hand)
Wands
 d - a wand of scattershot (4)
 s - a wand of iceblast (8)
 t - a wand of digging (18)
Scrolls
 h - 5 scrolls of amnesia
 m - a scroll of fear
 q - a scroll of teleportation
 r - a scroll of blinking
 u - 3 scrolls of identify
Potions
 e - 2 potions of heal wounds
 i - a potion of agility
 j - a potion of lignification
 k - 2 potions of curing
 l - a potion of resistance
 n - 2 potions of brilliance
 v - 2 potions of mutation
 w - a potion of flight {unknown}
Comestibles
 b - 9 rations


   Skills:
 + Level 4.6 Fighting
 + Level 2.3 Armour
 + Level 4.1 Dodging
 - Level 1.7 Stealth
 * Level 5.4 Unarmed Combat
 + Level 3.4 Invocations


You had 6 spell levels left.
You didn't know any spells.

Dungeon Overview and Level Annotations

Branches:
Dungeon (5/15)
 Temple: D:4-7

Altars:
Ashenzari
Cheibriados
Dithmenos
Kikubaaqudgha
Uskayaw

Annotations:
D:4 Pikel


Innate Abilities, Weirdness & Mutations

Your flesh is heat resistant. (rF+)
You are significantly more attuned to the shadows.
You are immune to clouds of flame.


Message History

Press: ? - help, Shift-Dir - straight line, f - Pikel
Aim: Pikel, wielding a whip of flaming, wearing a robe and carrying a wand of disintegration (11) (lightly wounded)
The burst of metal fragments hits Pikel. x2
Pikel is moderately wounded.
The slave hits you but does no damage.
Pikel zaps a wand.
You are blasted!
* * * LOW HITPOINT WARNING * * *
A centaur and a slave come into view.
Unknown command.
The slave hits you but does no damage. Pikel hits you but does no damage.
You climb upwards.
There is a stone staircase leading down here.
Evoke which item? (* to show all) (? for menu, Esc to quit)
Aiming: Iceblast
Press: ? - help, Shift-Dir - straight line The mass of ice explodes!
The iceblast engulfs Pikel.
Pikel is severely wounded.
The slave hits you.
* * * LOW HITPOINT WARNING * * *
Pikel zaps a wand.
You are blasted!
You die...

#...........# #....###
#.....).....# #######....
#...........# #....##...#
#...........#########....######
#...............#...#..........
#########.......#..(####)######
#.......#...# #.......
#.....K.#...###########
#.....@p..............#
#....[..#....#.######.#
#.......#....#.## #.#
#............#..#####.#
######.................
##########.####### #.#.8.8.8
#.#...... #.#......


You could see Pikel and a slave.

Vanquished Creatures
  The ghost of RedPan the Firebug, a novice OgFE of Vehumet (D:5)
  2 slaves
  A scorpion (D:4)
  A crimson imp (D:4)
  A hound (D:4)
  A jelly (D:5)
  Ijyb (D:4)
  3 worker ants (D:4)
  A worker ant zombie (D:3)
  10 adders
  A shadow imp (D:5)
  3 worms
  2 dart slugs
  An orc (D:4)
  3 giant cockroaches
  15 goblins
  2 hobgoblins
  A quokka (D:4)
  4 ball pythons
  5 bats
  3 frilled lizards
  5 kobolds
  A quokka skeleton (D:4)
  7 rats
75 creatures vanquished.

Vanquished Creatures (others)
  2 fungi (D:2)
  A plant (D:2)
3 creatures vanquished.

Grand Total: 78 creatures vanquished

Notes
Turn   | Place    | Note
-------+----------+-------------------------------------------
     0 | D:1      | RedPan the Demonspawn Monk began the quest for the Orb.
     0 | D:1      | Reached XP level 1. HP: 18/18 MP: 1/1
   177 | D:1      | Reached skill level 3 in Unarmed Combat
   177 | D:1      | Gained mutation: Your flesh is heat resistant. (rF+) [demonic ancestry]
   177 | D:1      | Reached XP level 2. HP: 18/24 MP: 2/2
   832 | D:2      | Gained mutation: You are immune to clouds of flame. [demonic ancestry]
   832 | D:2      | Reached XP level 3. HP: 19/29 MP: 3/3
  1265 | D:2      | Found a shattered altar of Ashenzari.
  1269 | D:2      | Saw a vision of the Swamp and the Snake Pit.
  1269 | D:2      | Noticed a naga ritualist
  1269 | D:2      | Noticed a black mamba
  1269 | D:2      | Noticed a black mamba
  1269 | D:2      | Noticed a hornet
  1269 | D:2      | Noticed a water moccasin
  1269 | D:2      | Noticed a swamp drake
  1269 | D:2      | Noticed a swamp drake
  1514 | D:2      | Gained mutation: You are slightly more attuned to the shadows. [demonic ancestry]
  1514 | D:2      | Reached XP level 4. HP: 35/35 MP: 4/4
  1673 | D:2      | Found a snail-covered altar of Cheibriados.
  1699 | D:2      | Became a worshipper of Cheibriados the Contemplative
  1699 | D:2      | Reached * piety under Cheibriados
  1699 | D:2      | Reached ** piety under Cheibriados
  2585 | D:3      | Found a shadowy altar of Dithmenos.
  2585 | D:3      | Found an ancient bone altar of Kikubaaqudgha.
  2667 | D:3      | Reached skill level 4 in Unarmed Combat
  2859 | D:3      | Reached skill level 1 in Invocations
  3410 | D:4      | Gained mutation: You are significantly more attuned to the shadows. [demonic ancestry]
  3410 | D:4      | Reached XP level 5. HP: 29/42 MP: 5/5
  3738 | D:4      | Got a pair of jewelled boots
  3744 | D:4      | Identified the +1 pair of boots "Konlavef" {rC- Dex+5} (You found it on level 4 of the Dungeon)
  3884 | D:4      | Reached skill level 1 in Armour
  3903 | D:4      | Reached XP level 6. HP: 44/48 MP: 7/7
  4103 | D:4      | Reached *** piety under Cheibriados
  4303 | D:4      | Noticed Ijyb
  4336 | D:4      | Killed Ijyb
  4493 | D:5      | Entered Level 5 of the Dungeon
  4494 | D:5      | Noticed RedPan's ghost (novice OgFE)
  4700 | D:5      | Killed RedPan's ghost
  4700 | D:5      | Reached skill level 5 in Unarmed Combat
  4700 | D:5      | Reached XP level 7. HP: 42/55 MP: 7/9
  5179 | D:5      | Noticed a yak
  5181 | D:5      | Noticed a yak
  5207 | D:5      | Noticed a yak
  5263 | D:5      | Found a hide-covered altar of Uskayaw.
  5263 | D:5      | Noticed Pikel
  5388 | D:4      | Blown up by Pikel

Vault maps used:
D:1:      zelgadis_glass_arrival_small
D:2:      cheibriados_altar_1, grunt_ashenzari_visionary
D:3:      gammafunk_temple_overflow_elements
D:4:      kennysheep_the_goblin_king
D:5:      overflow_temple_1_default, minmay_temple_entry_fiery, first_ration,
          uniq_pikel

Skill      XL: |  1  2  3  4  5  6 |
---------------+-------------------+-----
Unarmed Combat | 3 4 5 |  5.4
Dodging        | 3 4 |  4.1
Invocations    | 1 2 3 |  3.4
Armour         | 1 2 |  2.3
Fighting       | 4 |  4.6
Stealth        | |  1.7

Action                   |  1- 3 |  4- 6 |  7- 9 || total
-------------------------+-------+-------+-------++-------
Melee: Unarmed           |   115 |   226 |    74 ||   415
       Punch             |     1 |     3 |       ||     4
Evoke: Wand              |       |       |     2 ||     2
  Use: Scroll            |     4 |    13 |       ||    17
       Potion            |       |     1 |       ||     1
 Stab: Sleeping          |     6 |     1 |       ||     7
  Eat: Chunk             |     2 |     5 |       ||     7
Armor: Robe              |    33 |     2 |       ||    35
       Plate armour      |       |   130 |    53 ||   183
Dodge: Dodged            |    90 |    84 |    25 ||   199

Table legend:
 A = Spawn XP
 B = Non-spawn XP
 C = Spawn XP percentage of total XP
 D = Spawn monster count
 E = Non-spawn monster count
 F = Spawn count percentage of total count
 G = Total turns spent on level
                    A         B        C        D         E        F      G
               +---------+---------+-------+---------+---------+-------+---------
         Total |       0 |    1044 |   0.0 |       0 |      73 |   0.0 |  5388
               +---------+---------+-------+---------+---------+-------+---------
           D:1 |       0 |      27 |   0.0 |       0 |      18 |   0.0 |   702
           D:2 |       0 |     120 |   0.0 |       0 |      16 |   0.0 |  1800
           D:3 |       0 |      45 |   0.0 |       0 |      12 |   0.0 |   837
           D:4 |       0 |     337 |   0.0 |       0 |      21 |   0.0 |  1494
           D:5 |       0 |     515 |   0.0 |       0 |       6 |   0.0 |   555
               +---------+---------+-------+---------+---------+-------+---------
